 Dungeon Crawl Stone Soup version bcrawl-1.27.8b (webtiles) character file.

Game seed: 2292318562430251590

92654 BeastOfSaturn the Ogre Mage (level 4, -4/44 HPs)
             Began as an Ogre Wizard on Oct 28, 2020.
             Slain by a centaur (8 damage)
             ... on level 3 of the Dungeon.
             The game lasted 00:07:03 (2967 turns).

BeastOfSaturn the Ogre Mage (Ogre Wizard)           Turns: 2967, Time: 00:07:03

Health: -4/44      AC:  3    Str: 12    XL:     4   Next: 45%
Magic:  8/10       EV: 10    Int: 19    God:
Gold:   70         SH:  0    Dex:  7    Spells: 5/11 levels left

rFire    . . .     SeeInvis .   o - +0 war axe
rCold    . . .     Gourm    .   (no shield)
rNeg     . . .     Faith    .   b - +0 robe
rPois    .         Spirit   .   c - +0 hat
rElec    .         Reflect  .   (no cloak)
rCorr    .         Harm     .   (gloves unavailable)
MR       .....                  (boots unavailable)
Stlth    +.........             (no amulet)
HPRegen  0.14/turn              (no ring)
MPRegen  0.12/turn              (no ring)

@: no status effects
A: large, unfitting armour, tough skin 1
a: no special abilities


You were on level 3 of the Dungeon.
You were not hungry.

You visited 1 branch of the dungeon, and saw 3 of its levels.

You collected 70 gold pieces.

Inventory:

Hand Weapons
 a - a +0 staff
 h - a +1 falchion of protection
 o - a +0 war axe (weapon)
Missiles
 p - 2 throwing nets {=f}
Armour
 b - a +0 robe (worn)
 c - a +0 hat (worn)
Jewellery
 j - the ring of Omonk {Ice +Fly rPois Int-5}
   (You found it on level 1 of the Dungeon)

   [ring of ice]

   It enhances your ice magic.
   It affects your intelligence (-5).
   It makes you vulnerable to fire.
   It protects you from cold.
   It protects you from poison.
   It lets you fly.
Scrolls
 k - a scroll of identify
 m - a scroll of amnesia
 r - a scroll of immolation {unknown}
Potions
 d - a potion of degeneration {unknown}
 f - 2 potions of brilliance
 g - a potion of mutation {unknown}
 i - 3 potions of curing
 l - a potion of cancellation
 n - a potion of lignification
 q - a potion of agility {unknown}
Comestibles
 e - 3 rations {!d}
 s - 2 chunks of flesh


   Skills:
 * Level 2.6 Fighting
 - Level 0.9 Long Blades
 - Level 2.0 Dodging
 - Level 1.5 Stealth
 - Level 4.0 Spellcasting
 * Level 2.1 Conjurations
 * Level 1.3 Summonings
   Level 0.8 Translocations


You had 5 spell levels left.
You knew the following spells:

 Your Spells              Type           Power        Failure   Level  Hunger
a - Magic Dart            Conj           ##..         6%          1    None
b - Call Imp              Summ           #.....       12%         2    None
c - Mephitic Cloud        Conj/Pois/Air  #.......     30%         3    ###....

Your spell library contained the following spells:

 Spells                   Type           Power        Failure   Level  Hunger
 Blink                    Tloc           N/A          14%         2    None
 Conjure Flame            Conj/Fire      #.......     26%         3    ###....
 Spider Form              Tmut/Pois      #..          38%         3    ###....


Dungeon Overview and Level Annotations

Branches:
Dungeon (3/12)

Altars:

Annotations:
D:2 1 runed door


Innate Abilities, Weirdness & Mutations

You are too large for most types of armour.
You have tough skin. (AC +1)


Message History

The centaur is moderately wounded.
The centaur barely misses you. The centaur hits you!
You slash the centaur!
The centaur is severely wounded.
The centaur barely misses you. x2; The centaur closely misses you.
You hit the centaur but do no damage.
The centaur is severely wounded.
The centaur hits you.
* * * LOW HITPOINT WARNING * * *
The centaur barely misses you.
You hit the centaur.
The centaur is almost dead.
The centaur hits you.
* * * LOW HITPOINT WARNING * * *
The centaur closely misses you.
Casting: Call Imp (safe; 12% risk of failure)
Confirm with . or Enter, or press ? or * to list all spells.
A beastly little devil appears in a puff of flame.
The centaur closely misses you. The centaur hits you!
You die...

.##### #.##.# .#
##.#.##
.#...##.#.##.#.?
##.#.##
.#....##.#.##.#?
# ##.#.######
...#
##.#.##.[#.##
##...#...# ##.#
##.#.##$.#.##
##..#.... #.#
##.#.##..#.#
##...... #[#
##.#(#.#5#
###.#.##. #.#
##.#.#%# #.#.#.#
#.##### ##.#@##
#.#.#.# #.....#
##c## #.#.#..
#####.# ##
###...### #.#
#.....##### #.#
#..........
#.###
#.....#####
#...# #.....#
###.#
#######.....#
#.#
#...........#


You could see a centaur and a friendly crimson imp.

Vanquished Creatures
  An adder (D:3)
  2 worms (D:1)
  A dart slug (D:2)
  7 leopard geckos
  3 ball pythons
  A giant cockroach (D:2)
  5 goblins
  8 hobgoblins
  4 jackals
  9 kobolds
  3 bats
  5 frilled lizards
  3 rats
52 creatures vanquished.

Vanquished Creatures (collateral kills)
  A leopard gecko (D:2)
  2 jackals (D:2)
3 creatures vanquished.

Grand Total: 55 creatures vanquished

Notes
Turn   | Place    | Note
-------+----------+-------------------------------------------
     0 | D:1      | BeastOfSaturn the Ogre Wizard began the quest for the Orb.
     0 | D:1      | Reached XP level 1. HP: 16/16 MP: 5/5
   248 | D:1      | Got a translucent bronze ring
   264 | D:1      | Reached skill level 1 in Conjurations
   266 | D:1      | Reached skill level 4 in Spellcasting
   266 | D:1      | Reached XP level 2. HP: 26/26 MP: 0/7
   433 | D:1      | Reached skill level 1 in Fighting
   627 | D:1      | Identified the ring of Omonk {Ice +Fly rPois Int-5} (You
                  | found it on level 1 of the Dungeon)
   642 | D:1      | Reached XP level 3. HP: 29/33 MP: 8/8
  1218 | D:1      | Learned a level 2 spell: Call Imp
  1222 | D:1      | Learned a level 3 spell: Mephitic Cloud
  1767 | D:2      | Reached skill level 1 in Summonings
  2128 | D:2      | Reached XP level 4. HP: 42/42 MP: 10/10
  2315 | D:2      | Found a runed door.
  2959 | D:3      | Noticed a centaur
  2967 | D:3      | Slain by a centaur

Skill      XL: |  1  2  3  4 |
---------------+-------------+-----
Conjurations   | 1 2 |  2.1
Spellcasting   | 4 |  4.0
Fighting       | 1 2 |  2.6
Dodging        | 2 |  2.0
Summonings     | 1 |  1.3
Long Blades    | |  0.9
Stealth        | |  1.5
Translocations | |  0.8

Action                   |  1- 3 |  4- 6 || total
-------------------------+-------+-------++-------
Melee: Staff             |     4 |       ||     4
       Falchion          |   161 |    33 ||   194
       War axe           |       |    22 ||    22
 Cast: Magic Dart        |    33 |       ||    33
       Call Imp          |     4 |     1 ||     5
  Use: Scroll            |       |     7 ||     7
 Stab: Sleeping          |     3 |     1 ||     4
  Eat: Chunk             |     9 |     5 ||    14
Armor: Robe              |    76 |    17 ||    93
Dodge: Dodged            |   117 |    34 ||   151
